 Dungeon Crawl Stone Soup version 0.28.0 (webtiles) character file.

Game seed: 9649480697620528483

113 SnakkuSnakku7 the Charlatan (level 4, -3/21 (24) HPs)
             Began as a Deep Elf Artificer on Feb 16, 2022.
             Slain by a necrophage (7 damage)
             ... on level 3 of the Dungeon.
             The game lasted 00:03:34 (4348 turns).

SnakkuSnakku7 the Charlatan (Deep Elf Artificer)    Turns: 4348, Time: 00:03:35

HP:   -3/21 (24)    AC:  4    Str: 17    XL:     4   Next: 65%
MP:   15/15         EV: 12    Int: 16    God:
Gold: 105           SH:  0    Dex: 15    Spells: 3/3 levels left

rFire   . . .      SeeInvis .   p - +2 dagger (venom)
rCold   . . .      Faith    .   (no shield)
rNeg    . . .      Spirit   .   u - +2 robe {Will+}
rPois   .          Reflect  .   (no helmet)
rElec   .          Harm     .   (no cloak)
rCorr   .          Rampage  .   (no gloves)
Will    +....                   (no boots)
Stlth   ++........              (no amulet)
HPRegen 0.07/turn               g - +6 ring of strength
MPRegen 0.14/turn               r - ring of magical power

@: heavily drained
A: no striking features
a: no special abilities


You were on level 3 of the Dungeon.
You visited 1 branch of the dungeon, and saw 3 of its levels.

You collected 105 gold pieces.

Inventory:

Hand Weapons
 a - a +0 club
 i - a +0 whip
 p - a +2 dagger of venom (weapon)
Missiles
 h - 5 poisoned darts (quivered)
 k - 4 javelins
Armour
 b - a +0 leather armour
 u - a +2 robe of willpower (worn)
Jewellery
 g - a +6 ring of strength (left hand)
 r - a ring of magical power (right hand)
Wands
 c - a wand of flame (5)
 d - a wand of charming (14)
Scrolls
 j - a scroll of teleportation {unknown}
 q - 2 scrolls of torment {unknown}
 s - a scroll of blinking {unknown}
 v - a scroll of amnesia {unknown}
Potions
 f - a potion of brilliance {unknown}
 l - 4 potions of mutation {unknown}
 m - a potion of ambrosia {unknown}
 n - a potion of resistance {unknown}
 o - a potion of flight {unknown}
 t - a potion of berserk rage {unknown}
Miscellaneous
 e - a piece from Xom's chessboard (15/15)


   Skills:
 - Level 0.7 Fighting
 + Level 3.0 Throwing
 - Level 0.7 Armour
 - Level 2.4 Dodging
 - Level 1.2 Stealth
 - Level 4.7 Evocations


You had 3 spell levels left.
You didn't know any spells.
Your spell library was empty.

Dungeon Overview and Level Annotations

Branches:
Dungeon (3/15)

Altars:


Message History

Press: ? - help, Shift-Dir - straight line, f - necrophage
Aim: a necrophage (74% to hit)
The puff of flame hits the necrophage.
The necrophage is moderately damaged.
Aiming: Throw Flame
Press: ? - help, Shift-Dir - straight line, f/p - necrophage
Aim: a necrophage (moderately damaged, 74% to hit)
The puff of flame hits the necrophage!
The necrophage is severely damaged.
Unknown command.
You hit the necrophage.
The necrophage is severely damaged.
The necrophage hits you but does no damage.
You completely miss the necrophage.
The necrophage is severely damaged.
The necrophage hits you.
You feel drained.
You closely miss the necrophage.
The necrophage is severely damaged.
The necrophage hits you but does no damage.
You hit the necrophage.
The necrophage is severely damaged.
The necrophage hits you.
You closely miss the necrophage.
The necrophage is severely damaged.
The necrophage hits you.
You hit the necrophage.
The necrophage is almost destroyed.
The necrophage closely misses you.
You closely miss the necrophage.
The necrophage is almost destroyed.
The necrophage hits you.
* * * LOW HITPOINT WARNING * * *
You feel drained.
* * * LOW HITPOINT WARNING * * *
Aiming: Throw Flame
Press: ? - help, Shift-Dir - straight line, f/p - necrophage
Aim: a necrophage (almost destroyed, 74% to hit)
The puff of flame misses the necrophage.
The necrophage hits you!
You die...

#.# #.#
#.###
#...#
###.#
#.###
#...#
...#####.#
...'..n@.#
...#######


You could see a necrophage.

Vanquished Creatures
  Jessica (D:3)
  2 adders (D:2)
  2 dart slugs (D:2)
  An orc (D:3)
  A ball python (D:2)
  10 bats
  6 endoplasms
  6 giant cockroaches
  5 goblins
  6 hobgoblins
  2 jackals (D:2)
  2 quokkas
  3 frilled lizards
  8 kobolds
  4 rats
59 creatures vanquished.

Vanquished Creatures (others)
  An endoplasm (D:2)
1 creature vanquished.

Grand Total: 60 creatures vanquished

Notes
Turn   | Place    | Note
-------+----------+-------------------------------------------
     0 | D:1      | SnakkuSnakku7 the Deep Elf Artificer began the quest for
                  | the Orb.
     0 | D:1      | Reached XP level 1. HP: 11/11 MP: 3/3
   871 | D:1      | Found a faded altar of an unknown god.
   872 | D:1      | Noticed an eye of devastation
   874 | D:1      | Noticed a great orb of eyes
   880 | D:1      | Noticed a floating eye
   890 | D:1      | Noticed a floating eye
   947 | D:1      | Reached XP level 2. HP: 16/16 MP: 4/4
   995 | D:1      | Reached skill level 4 in Evocations
  1685 | D:1      | Reached skill level 1 in Throwing
  2024 | D:2      | Reached XP level 3. HP: 10/20 MP: 5/5
  3755 | D:2      | Reached XP level 4. HP: 14/24 MP: 6/6
  4187 | D:3      | Noticed Jessica
  4197 | D:3      | Killed Jessica
  4337 | D:3      | Noticed a necrophage
  4348 | D:3      | Slain by a necrophage

Illustrated notes

Levels and vault maps discovered:
D:1:      amcnicky_arrival_underground_garden, layout_basic,
          hellmonk_ecumenical_altar_watching_god, roderic_lattice_a,
          skrybe_limestone_x, grunt_decor_junction
D:2:      layout_basic, grunt_ministairs_15, minmay_cupped
D:3:      layout_basic, uniq_jessica

Skill      XL: |  1  2  3  4 |
---------------+-------------+-----
Evocations     | 4 |  4.7
Throwing       | 1 2 3 |  3.0
Fighting       | |  0.7
Armour         | |  0.7
Dodging        | |  2.4
Stealth        | |  1.2

Action                   |  1- 3 |  4- 6 || total
-------------------------+-------+-------++-------
Melee: Club              |    56 |       ||    56
       Whip              |   146 |     1 ||   147
       Punch             |     4 |       ||     4
       Dagger            |       |    30 ||    30
Throw: Dart              |     5 |       ||     5
Evoke: Wand              |     8 |     3 ||    11
 Stab: Sleeping          |     2 |       ||     2
Armor: Leather armour    |    71 |     3 ||    74
       Robe              |       |     5 ||     5
Dodge: Dodged            |   167 |    10 ||   177
